 Dungeon Crawl Stone Soup version 0.24-a0-434-gd57e52fea8 (webtiles) character file.

Game seed: 6723873148113404392

181 theanonym the Slasher (level 5, -14/38 HPs)
             Began as a Mummy Warper on June 15, 2019.
             Was a Follower of Nemelex Xobeh.
             Killed from afar by a bullfrog (52 damage)
             ... with an exploding inner flame
             ... hexed by the player character
             ... on level 6 of the Dungeon.
             The game lasted 00:04:26 (3174 turns).

theanonym the Slasher (Mummy Warper)                Turns: 3174, Time: 00:04:27

Health: -14/38     AC: 10    Str: 15    XL:     5   Next: 34%
Magic:  9/9        EV:  6    Int: 12    God:    Nemelex Xobeh [*.....]
Gold:   89         SH:  0    Dex: 12    Spells: 9/9 levels left

rFire    x . .     SeeInvis .   a - +0 falchion
rCold    + . .     Gourm    .   (no shield)
rNeg     + + +     Faith    .   h - +0 chain mail
rPois    ∞         Spirit   .   g - +2 hat
rElec    .         Reflect  .   (no cloak)
rCorr    .         Harm     .   (no gloves)
MR       .....                  (no boots)
Stlth    ..........             (no amulet)
HPRegen  0.12/turn              (no ring)
MPRegen  0.11/turn              (no ring)

@: no status effects
A: no food or potions, fire vulnerability, cold resistance 1, negative energy
resistance 3, torment resistance, unbreathing
a: Draw Escape, Draw Destruction, Draw Summoning, Renounce Religion


Innate Abilities, Weirdness & Mutations

You do not eat or drink.
Your flesh is vulnerable to fire.
You are immune to poison.
Your flesh is cold resistant. (rC+)
You are immune to negative energy. (rN+++)
You are immune to unholy pain and torment.
You can survive without breathing.


   Skills:
 - Level 2.0 Fighting
 + Level 4.7 Long Blades
 - Level 0.7 Throwing
 - Level 0.7 Armour
 - Level 1.5 Dodging
 - Level 2.6 Spellcasting
   Level 2.4 Translocations


You had 9 spell levels left.
You didn't know any spells.
Your spell library contained the following spells:

 Spells                   Type           Power        Failure   Level  Hunger
 Blink                    Tloc           N/A          98%         2    N/A
 Shroud of Golubria       Chrm/Tloc      #.....       99%         2    N/A
 Gell's Gravitas          Tloc           #.........   100%        3    N/A
 Lesser Beckoning         Tloc           #.........   100%        3    N/A
 Teleport Other           Tloc           #.......     100%        3    N/A
 Passage of Golubria      Tloc           N/A          100%        4    N/A

Skill      XL: |  1  2  3  4 |
---------------+-------------+-----
Long Blades    | 2 3 4 |  4.7
Fighting       | |  2.0
Throwing       | |  0.7
Armour         | |  0.7
Dodging        | |  1.5
Spellcasting   | |  2.6
Translocations | |  2.4

Action                   |  1- 3 |  4- 6 || total
-------------------------+-------+-------++-------
Melee: Falchion          |   124 |   253 ||   377
  Use: Scroll            |       |     3 ||     3
Armor: Leather armour    |    21 |       ||    21
       Ring mail         |    15 |       ||    15
       Chain mail        |       |   223 ||   223
Dodge: Dodged            |    84 |    99 ||   183
       Rpst.: Falchion   |    17 |    38 ||    55

Inventory:

Hand Weapons
 a - a +0 falchion (weapon)
Missiles
 b - 9 boomerangs
 e - 5 boomerangs of dispersal (quivered)
Armour
 g - a +2 hat (worn)
 h - a +0 chain mail (worn)
Scrolls
 c - 2 scrolls of random uselessness
 d - a scroll of immolation
 n - a scroll of remove curse
 B - 2 scrolls of blinking


You were on level 6 of the Dungeon.
You worshipped Nemelex Xobeh.
Nemelex Xobeh was aware of your devotion.
You were not hungry.

You visited 1 branch of the dungeon, and saw 4 of its levels.

You collected 89 gold pieces.

Dungeon Overview and Level Annotations

Branches:
Dungeon (3/15)

Altars:
Nemelex Xobeh
Ru
Vehumet
Xom
Yredelemnul

#.. ###### #.. #....# ###
#.# #.##.# #.# #.#
#.##.######.# ..######.#
#.##........#
........O######.###########
#............#
#.§######.##.#
#.§§@.....##.#
#.§#########.# #........#
#.# +.#####.#####.###.#
#.......# #.....# #.#######
#######


There were no monsters in sight!

Notes
Turn   | Place    | Note
-------+----------+-------------------------------------------
     0 | D:1      | theanonym the Mummy Warper began the quest for the Orb.
     0 | D:1      | Reached XP level 1. HP: 16/16 MP: 4/4
   119 | D:1      | HP: 8/16 [hobgoblin (2)]
   120 | D:1      | Reached skill level 2 in Long Blades
   298 | D:1      | Reached XP level 2. HP: 19/22 MP: 5/5
   376 | D:1      | HP: 11/22 [kobold/+0 club (3)]
   511 | D:1      | HP: 10/22 [ooze (3)]
   645 | D:1      | Reached XP level 3. HP: 23/27 MP: 7/7
   706 | D:1      | Reached skill level 3 in Long Blades
  1090 | D:2      | Found a sparkling altar of Nemelex Xobeh.
  1096 | D:2      | Noticed Terence
  1099 | D:2      | Became a worshipper of Nemelex Xobeh the Trickster
  1130 | D:2      | Killed Terence
  1130 | D:2      | Reached XP level 4. HP: 26/33 MP: 8/8
  1426 | D:2      | Found a radiant altar of Vehumet.
  1597 | D:2      | Found a shimmering altar of Xom.
  1597 | D:2      | Found a shimmering altar of Xom.
  1615 | D:2      | Found a shimmering altar of Xom.
  1615 | D:2      | Found a shimmering altar of Xom.
  1615 | D:2      | Found a shimmering altar of Xom.
  1615 | D:2      | Found a shimmering altar of Xom.
  1624 | D:2      | Reached skill level 4 in Long Blades
  1660 | D:2      | Found a sacrificial altar of Ru.
  1930 | D:3      | Received a gift from Nemelex Xobeh
  1947 | D:3      | HP: 9/33 [goblin/+2 dagger of electrocution (13)]
  2313 | D:3      | Reached XP level 5. HP: 38/38 MP: 9/9
  3058 | D:3      | Found a basalt altar of Yredelemnul.
  3114 | D:3      | You fall into a shaft and drop 3 floors!
  3118 | D:6      | Reached * piety under Nemelex Xobeh
  3167 | D:6      | Noticed an ogre
  3174 | D:6      | Killed from afar by a bullfrog

Vanquished Creatures
  Terence (D:2)
  5 adders
  A gnoll (D:1)
  2 oozes
  2 worms
  A dart slug (D:1)
  2 leopard geckos
  5 orcs (D:3)
  7 bats
  6 giant cockroaches
  6 hobgoblins
  6 jackals
  9 kobolds
  4 quokkas
  A ball python (D:3)
  A ball python zombie (D:6)
  2 frilled lizards (D:1)
  8 goblins
  8 rats
  A spectral orc (D:3)
78 creatures vanquished.

Table legend:
 A = Turns spent in this place as a percentage of turns spent in the entire game.
 B = Non-inter-level travel turns spent in this place as a percentage of non-inter-level travel turns spent in the entire game.
 C = Inter-level travel turns spent in this place as a percentage of turns spent in this place.
 D = Turns resting spent in this place as a percentage of non-inter-level travel turns spent in this place.
 E = Turns spent auto-exploring this place as a percentage of non-inter-level travel turns spent in this place.
 F = Non-inter-level travel turns spent in this place divided by the number of levels of this place that you've seen.
                   A       B       C       D       E      F
               +-------+-------+-------+-------+-------+----------------------
         Total | 100.0 | 100.0 |   2.4 |  38.2 |  41.1 | 774.2
       Dungeon | 100.0 | 100.0 |   2.4 |  38.2 |  41.1 | 774.2
               +-------+-------+-------+-------+-------+----------------------
